 Dungeon Crawl Stone Soup version 0.31-a0-1074-g0b22e4e0f1 (webtiles) character file.

Game seed: 10875157661990393207

35 grandjackal the Vexing (level 3, -1/24 HPs)
             Began as a Vampire Enchanter on Dec 2, 2023.
             Slain by a kobold
             ... wielding a +2 dagger of electrocution
              (4 damage)
             ... on level 2 of the Dungeon.
             The game lasted 00:01:21 (905 turns).

grandjackal the Vexing (Vampire Enchanter)           Turns: 905, Time: 00:01:21

Health: -1/24      AC:  2    Str:  7    XL:     3   Next: 16%
Magic:  1/6        EV: 12    Int: 19    God:
Gold:   60         SH:  0    Dex: 14    Spells: 4/6 levels left

rFire   . . .        f - +4 short sword
rCold   . . .        (no shield)
rNeg    . . .        b - +0 robe
rPois   .            (no helmet)
rElec   .            (no cloak)
rCorr   .            (no gloves)
SInv    +            (no boots)
Will    .....        (no amulet)
Stlth   +++          (no ring)
HPRegen 0.44/turn    (no ring)
MPRegen 0.10/turn

%: no passive effects
@: healing quickly
A: alive, fangs 3, see invisible, vampiric 2
a: Exsanguinate


You were on level 2 of the Dungeon.
You visited 1 branch of the dungeon, and saw 2 of its levels.

You collected 60 gold pieces.

Inventory:

Hand Weapons
 a - a +1 dagger
 f - a +4 short sword (weapon)
Armour
 b - a +0 robe (worn)
Scrolls
 d - 4 scrolls of identify {unknown}
 e - 2 scrolls of teleportation {unknown}
 g - a scroll of silence {unknown}
Potions
 c - 2 potions of invisibility


   Skills:
 + Level 2.1 Short Blades
 + Level 2.8 Dodging
 + Level 4.5 Stealth
 - Level 2.0 Spellcasting
 + Level 5.0 Hexes
 + Level 0.2 Ice Magic


You had 4 spell levels left.
You knew the following spells:

 Your Spells              Type           Power      Damage    Failure   Level
a - Ensorcelled Hibernat  Hex/Ice        22%        N/A       9%          2

Your spell library contained the following spells:

 Spells                   Type           Power      Damage    Failure   Level
 Confusing Touch          Hex            21%        N/A       6%          3
 Tukima's Dance           Hex            21%        N/A       6%          3
 Dazzling Flash           Conj/Hex       22%        N/A       19%         3
 Summon Forest            Summ/Tloc      0%         N/A       99%         5
 Eringya's Noxious Bog    Tmut/Pois      0%         4d6       100%        6
 Summon Hydra             Summ           0%         N/A       100%        7


Dungeon Overview and Level Annotations

Branches:
Dungeon (2/15)

Altars:

Annotations:
D:2 Natasha


Innate Abilities, Weirdness & Mutations

Your natural rate of healing is accelerated.
You have razor-sharp teeth.
You have supernaturally acute eyesight. (SInv)
You are afflicted with vampirism and can become a bat while bloodless.


Message History

Casting: Ensorcelled Hibernation (safe; 11% risk of failure)
Confirm with . or Enter, or press ? or * to list all spells.
Aiming: Ensorcelled Hibernation (safe; 11% risk of failure)
Press: ? - help, Shift-Dir - straight line, f - adder
Aim: an adder (chance to affect: 52%)
The adder resists with significant effort.
The adder barely misses you.
Unknown command.
The adder attacks as it pursues you! The adder bites you but does no damage.
Casting: Ensorcelled Hibernation (safe; 11% risk of failure)
Confirm with . or Enter, or press ? or * to list all spells.
Aiming: Ensorcelled Hibernation (safe; 11% risk of failure)
Press: ? - help, Shift-Dir - straight line, f/p - adder
Aim: an adder (chance to affect: 52%)
The adder looks drowsy...
Unknown command.
The helpless adder fails to defend itself.
You puncture the adder!
The adder is almost dead.
The adder bites you. Natasha claws you. The adder bites you.
You closely miss the adder.
The adder is almost dead.
The adder bites you but does no damage.
Unknown command.
You hit the adder.
You kill the adder!
Natasha claws you.
* * * LOW HITPOINT WARNING * * *
You have reached level 3!
Your experience leads to an increase in your attributes!
Increase (S)trength, (I)ntelligence, or (D)exterity?
You feel clever. x2
You can now turn into a vampire bat when bloodless.
Natasha claws you.
* * * LOW HITPOINT WARNING * * *
You hit the kobold but do no damage.
Natasha mumbles some strange words.
Natasha glows brightly for a moment.
The kobold hits you with a +2 dagger of electrocution.
You die...

#.######## 8#
#......... ...#
#.######## .⌠..#
#.# .⌠.8# ##.#
.h#.### #..#
##....# ##.##
###...#.#####..#
.......$†hK@...#
.#..#..#..#....#
#..#..#..#..#
#..#..#..#..##
#..#..#..#...#
#..#..#..#..#.#
.....!... ....#
..###### #.###


You could see Natasha and a kobold.

Vanquished Creatures
  An adder (D:2)
  2 bats (D:1)
  2 endoplasms (D:1)
  3 giant cockroaches (D:1)
  4 goblins (D:1)
  3 hobgoblins
  3 kobolds (D:1)
  A frilled lizard (D:1)
  4 rats
23 creatures vanquished.

Notes
Turn   | Place    | Note
-------+----------+-------------------------------------------
     0 | D:1      | grandjackal the Vampire Enchanter began the quest for the
                  | Orb.
     0 | D:1      | Reached XP level 1. HP: 13/13 MP: 3/3
   175 | D:1      | Reached XP level 2. HP: 13/19 MP: 5/5
   721 | D:1      | Reached skill level 5 in Hexes
   789 | D:1      | Learned a level 2 spell: Ensorcelled Hibernation
   895 | D:2      | Noticed Natasha
   903 | D:2      | Gained mutation: You are afflicted with vampirism and can
                  | become a bat while bloodless. [Vampire growth]
   903 | D:2      | Reached XP level 3. HP: 4/24 MP: 1/6
   905 | D:2      | Slain by a kobold

Illustrated notes

Levels and vault maps discovered:
D:1:      dpeg_arrival_three_same_balls, layout_basic, serial_curves,
          eino_curves_03, eino_curves_02, dreamdust_princess_corridor
D:2:      layout_basic, shapermc_ecumenical_altar_venn,
          minmay_misc_feat_diagonals, hex_medium, uniq_sigmund, uniq_natasha

Skill      XL: |  1  2 |
---------------+-------+-----
Short Blades   | 2 |  2.1
Hexes          | 5 |  5.0
Dodging        | |  2.8
Stealth        | |  4.5
Spellcasting   | |  2.0
Ice Magic      | |  0.2

Action                     || total
---------------------------++-------
  Melee: Dagger            ||    80
         Bite              ||     8
         Short sword       ||     9
   Cast: Ensorcelled Hiber ||     2
   Stab: Sleeping          ||     5
 Armour: Robe              ||    61
  Dodge: Dodged            ||    51

Table legend: (Time is in decaauts)
 A = Elapsed time spent in this place.
 B = Non-inter-level travel time spent in this place.
 C = Inter-level travel time spent in this place.
 D = Time resting spent in this place.
 E = Time spent auto-exploring this place.
 F = Levels seen in this place.
 G = Mean time per level.
                   A        B        C        D        E       F      G
               +--------+--------+--------+--------+--------+-----+--------+
         Total |    896 |    873 |     23 |     27 |    657 |   2 |  448.0 |
       Dungeon |    896 |    873 |     23 |     27 |    657 |   2 |  448.0 |
               +--------+--------+--------+--------+--------+-----+--------+

Top non-repeatable levels by time:
     D:1: 804 daAuts
     D:2: 92 daAuts
